 Dungeon Crawl Stone Soup version 0.23.0-33-g5e6c059 (webtiles) character file.

Game seed: 5229180398524526455

27 Lanoc the Slasher (level 3, 0/19 HPs)
             Began as a Vine Stalker Chaos Knight on Feb 26, 2019.
             Was a Plaything of Xom.
             Succumbed to an adder's poison
             ... on level 2 of the Dungeon.
             The game lasted 00:02:19 (641 turns).

Lanoc the Slasher (Vine Stalker Chaos Knight)        Turns: 641, Time: 00:02:19

Health: 0/19       AC:  5    Str: 19    XL:     3   Next: 10%
Magic:  4/4        EV: 11    Int: 12    God:    Xom [..*...]
Gold:   40         SH:  0    Dex: 14    Spells: 2/2 levels left

rFire    . . .     SeeInvis .   a - +0 falchion (chaos)
rCold    . . .     Gourm    .   (no shield)
rNeg     . . .     Faith    .   b - +2 leather armour
rPois    .         Spirit   +   (no helmet)
rElec    .         Reflect  .   (no cloak)
rCorr    .         Harm     .   (no gloves)
MR       .....                  (no boots)
Stlth    +.........             (no amulet)
HPRegen  0.06/turn              (no ring)
MPRegen  0.09/turn              (no ring)

@: mighty, lethally poisoned (0 -> -5)
A: fangs 2, magic shield, antimagic bite, no potion heal 3, rot immunity
a: Renounce Religion


You were on level 2 of the Dungeon.
You worshipped Xom.
You were a toy of Xom.
You were not hungry.

You visited 1 branch of the dungeon, and saw 2 of its levels.

You collected 40 gold pieces.

Inventory:

Hand Weapons
 a - a +0 falchion of chaos (weapon)
Armour
 b - a +2 leather armour (worn)
Scrolls
 e - 2 scrolls of teleportation {unknown}
 f - 2 scrolls of identify {unknown}
 i - a scroll of remove curse {unknown}
Comestibles
 c - 4 rations


   Skills:
 + Level 2.9 Fighting
 * Level 3.1 Long Blades
 + Level 1.9 Armour
 + Level 1.2 Dodging


You had 2 spell levels left.
You didn't know any spells.
Your spell library was empty.

Dungeon Overview and Level Annotations

Branches:
Dungeon (2/15)

Altars:


Innate Abilities, Weirdness & Mutations

You have extremely sharp teeth.
When hurt, damage is shared between your health and your magic reserves.
Your bite disrupts and absorbs the magic of your enemies.
Potions cannot restore your health.
You are immune to rotting.


Message History

You are too injured to fight recklessly!
You feel sick.
You feel sick. Something bites you.
All of the chunks of flesh in your inventory have rotted away.
You miss something. Something bites you but does no damage.
You miss something.
You feel sick. Something bites you. x2
* * * LOW HITPOINT WARNING * * *
You hit something but do no damage. Your bite misses something.
Something bites you but does no damage.
You closely miss something. Your bite misses something. Something bites you.
* * * LOW HITPOINT WARNING * * *
Something bites you.
* * * LOW HITPOINT WARNING * * *
It was a potion of might.
You feel very mighty all of a sudden.
Xom thinks this is hilarious!
Something bites you but does no damage.
It was a potion of magic.
Magic courses through your body.
You die...
Xom laughs nastily!

#.##.##......# #...#
#......<##.#.#####...#
#####.#.##.(.........#
#.#.##.#.#####...#
######.#.##...........##
......÷..##(#.####.....#
......†..##.#.# #.....#
...#.....##.#.####.(...#
.. #............@{w..<.#
.......#.##...####.#.#.#
.......#>##...# #.....#
.......#..#...# ###.#.#
...#..###.#..... ..#.#
####.. .#...## #.# # #.
...... ... [.... #.# #.#


You could see a worm.

Vanquished Creatures
  2 dart slugs
  2 goblins (D:1)
  2 hobgoblins
  5 jackals
  4 kobolds (D:1)
  A ball python (D:1)
  2 frilled lizards (D:1)
  4 rats
22 creatures vanquished.

Notes
Turn   | Place    | Note
-------+----------+-------------------------------------------
     0 | D:1      | Lanoc the Vine Stalker Chaos Knight began the quest for the
                  | Orb.
     0 | D:1      | Reached XP level 1. HP: 11/11 MP: 2/2
    34 | D:1      | XOM: divination: magic mapping
   125 | D:1      | Reached skill level 1 in Dodging
   125 | D:1      | Reached XP level 2. HP: 15/16 MP: 3/3
   136 | D:1      | Reached skill level 3 in Long Blades
   140 | D:1      | XOM: silly message
   161 | D:1      | XOM is BORED!
   161 | D:1      | XOM: mild Erth miscast
   372 | D:1      | XOM: cloud trail
   416 | D:2      | Reached XP level 3. HP: 8/19 MP: 4/4
   641 | D:2      | Succumbed to an adder's poison

Skill      XL: |  1  2 |
---------------+-------+-----
Dodging        | 1 |  1.2
Long Blades    | 3 |  3.1
Fighting       | |  2.9
Armour         | |  1.9

Action                   || total
-------------------------++-------
Melee: Falchion          ||    59
       Bite              ||    11
  Use: Potion            ||     2
Armor: Leather armour    ||    34
Dodge: Dodged            ||    40
       Rpst.: Falchion   ||    15
